TOP OF THE 1ST |
Tuscaloosa Trout Slayers batting - Pitching for Trenton Stars : RHP Jesús Martínez
|
Pitching: RHP Jesús Martínez
|
|
Batting: RHB Alfredo Díaz
|
0-0: Swinging Strike 0-1: Ball 1-1: Ball 2-1: Ball 3-1: Called Strike 3-2: Foul Ball, location: 2F 3-2: Base on Balls
|
Batting: RHB Jason Saunders
|
0-0: Ball 1-0: Ball 2-0: Swinging Strike 2-1: Called Strike 2-2: Strikes out looking
|
Batting: LHB Marcos Villarreal
|
0-0: Ball 1-0: Foul Ball, location: 2F 1-1: Ball 2-1: Called Strike 2-2: Foul Ball, location: 2F 2-2: Ball 3-2: Foul Ball, location: 2F 3-2: Foul Ball, location: 2F 3-2: Fly out, F7 (Flyball, 78S)
|
Batting: LHB Ed Hart
|
0-0: Ball Alfredo Díaz is caught stealing 2nd base
|
Top of the 1st over - 0 run(s), 0 hit(s), 0 error(s), 0 left on base; Tuscaloosa 0 - Trenton 0 |
BOTTOM OF THE 1ST |
Trenton Stars batting - Pitching for Tuscaloosa Trout Slayers : RHP Chris Chamberlain
|
Pitching: RHP Chris Chamberlain
|
|
Batting: SHB Nick Marshall
|
0-0: Ball 1-0: Ball 2-0: Ball 3-0: Called Strike 3-1: SINGLE (Line Drive, 6)
|
Batting: RHB Leonardo Pinto
|
0-0: Foul Ball, location: 2F 0-1: Foul Ball, location: 2F 0-2: Grounds into double play, 6-4-3 (Groundball, 6)
|
Batting: LHB Ricardo Brandariz
|
0-0: Ball 1-0: Foul Ball, location: 2F 1-1: Ball 2-1: Fly out, F4 (Popup, 4)
|
Bottom of the 1st over - 0 run(s), 1 hit(s), 0 error(s), 0 left on base; Tuscaloosa 0 - Trenton 0 |
TOP OF THE 2ND |
Tuscaloosa Trout Slayers batting - Pitching for Trenton Stars : RHP Jesús Martínez
|
Batting: LHB Ed Hart
|
0-0: Ball 1-0: Ball 2-0: Foul Ball, location: 2F 2-1: Ball 3-1: Base on Balls
|
Batting: RHB Shigemasa Ishida
|
0-0: Ball 1-0: Ball 2-0: Ball 3-0: Base on Balls Ed Hart to second
|
Batting: RHB Lowie van den Bogaert
|
0-0: Foul Ball, location: 2F 0-1: Called Strike 0-2: Foul Ball, location: 2F 0-2: Ball 1-2: Foul Ball, location: 2F 1-2: Reached via error on a dropped throw, E6 Ed Hart to third Shigemasa Ishida to second
|
Batting: RHB Greg Lee
|
0-0: Ball 1-0: Foul Ball, location: 2F 1-1: Ground out 6-3 (Groundball, 6S) Ed Hart scores Shigemasa Ishida to third Lowie van den Bogaert to second
|
Batting: RHB César Reyes
|
0-0: Ball 1-0: SINGLE (Flyball, 8LS) Shigemasa Ishida scores Lowie van den Bogaert to third
|
Batting: RHB Tetsunori Ito
|
0-0: Called Strike 0-1: Ball 1-1: Ball Wild Pitch! Lowie van den Bogaert scores César Reyes to second 2-1: Ball 3-1: Base on Balls
|
Batting: RHB Alfredo Díaz
|
0-0: Ball 1-0: Swinging Strike 1-1: Ground out 5-3 (Groundball, 5S) César Reyes to third Tetsunori Ito to second
|
Batting: RHB Jason Saunders
|
0-0: Foul Ball, location: 2F 0-1: Foul Ball, location: 2F 0-2: Strikes out swinging
|
Top of the 2nd over - 3 run(s), 1 hit(s), 1 error(s), 2 left on base; Tuscaloosa 3 - Trenton 0 |
BOTTOM OF THE 2ND |
Trenton Stars batting - Pitching for Tuscaloosa Trout Slayers : RHP Chris Chamberlain
|
Batting: RHB Randy Simons
|
0-0: Foul Ball, location: 2F 0-1: Ball 1-1: Ball 2-1: Called Strike 2-2: Strikes out swinging
|
Batting: LHB Wes Stone
|
0-0: Swinging Strike 0-1: Ball 1-1: Foul Ball, location: 2F 1-2: Hit by Pitch
|
Batting: RHB Rafael Canales
|
0-0: Ball 1-0: Called Strike 1-1: Ball 2-1: Foul Ball, location: 2F 2-2: Foul Ball, location: 2F 2-2: Foul Ball, location: 2F 2-2: Foul Ball, location: 2F 2-2: Ball 3-2: Foul Ball, location: 2F 3-2: SINGLE (Groundball, 56D) Wes Stone to second
|
Batting: LHB Jeff Gordon
|
0-0: Ball 1-0: Called Strike 1-1: Called Strike 1-2: Ball 2-2: Fly out, F7 (Flyball, 78D)
|
Batting: RHB Jesús Dávila
|
0-0: Ball 1-0: Swinging Strike 1-1: Ball 2-1: Foul Ball, location: 2F 2-2: Foul Ball, location: 2F 2-2: SINGLE (Flyball, 9LS) Wes Stone to third Rafael Canales to second Runner from 3rd tries for Home, SAFE, no throw
|
Batting: RHB Kenji Murayama
|
0-0: Ball 1-0: Ball 2-0: Foul Ball, location: 2F 2-1: Ground out 5-3 (Groundball, 56S)
|
Bottom of the 2nd over - 1 run(s), 2 hit(s), 0 error(s), 2 left on base; Tuscaloosa 3 - Trenton 1 |
TOP OF THE 3RD |
Tuscaloosa Trout Slayers batting - Pitching for Trenton Stars : RHP Jesús Martínez
|
Batting: LHB Marcos Villarreal
|
0-0: Ball 1-0: Called Strike 1-1: Ball 2-1: Called Strike 2-2: Foul Ball, location: 2F 2-2: Ground out 4-3 (Groundball, 4)
|
Batting: LHB Ed Hart
|
0-0: Ball 1-0: SINGLE (Groundball, 3D)
|
Batting: RHB Shigemasa Ishida
|
0-0: Reached on error, E6 (Groundball, 6) Ed Hart to second
|
Batting: RHB Lowie van den Bogaert
|
0-0: Ball 1-0: Called Strike 1-1: Ball 2-1: Foul Ball, location: 2F 2-2: Ball 3-2: Grounds into double play, 5-4-3 (Groundball, 56)
|
Top of the 3rd over - 0 run(s), 1 hit(s), 1 error(s), 1 left on base; Tuscaloosa 3 - Trenton 1 |
BOTTOM OF THE 3RD |
Trenton Stars batting - Pitching for Tuscaloosa Trout Slayers : RHP Chris Chamberlain
|
Batting: SHB Nick Marshall
|
0-0: Ball 1-0: Ball 2-0: Ball 3-0: Called Strike 3-1: DOUBLE (Line Drive, 3D)
|
Batting: RHB Leonardo Pinto
|
0-0: Called Strike 0-1: Foul Ball, location: 2F 0-2: Ball 1-2: Ball 2-2: Foul Ball, location: 2F 2-2: Strikes out swinging
|
Batting: LHB Ricardo Brandariz
|
0-0: Swinging Strike 0-1: Ball 1-1: Swinging Strike 1-2: Foul Ball, location: 2F 1-2: Foul Ball, location: 2F 1-2: Ball 2-2: Ball 3-2: Strikes out looking
|
Batting: RHB Randy Simons
|
0-0: Called Strike 0-1: Ground out 6-3 (Groundball, 6)
|
Bottom of the 3rd over - 0 run(s), 1 hit(s), 0 error(s), 1 left on base; Tuscaloosa 3 - Trenton 1 |
TOP OF THE 4TH |
Tuscaloosa Trout Slayers batting - Pitching for Trenton Stars : RHP Jesús Martínez
|
Batting: RHB Greg Lee
|
0-0: Ball 1-0: Ball 2-0: Foul Ball, location: 2F 2-1: Ball 3-1: Called Strike 3-2: Foul Ball, location: 2F 3-2: Foul Ball, location: 2F 3-2: Fly out, F7 (Line Drive, 7)
|
Batting: RHB César Reyes
|
0-0: Ball 1-0: Called Strike 1-1: Fly out, F3 (Flyball, 3DF)
|
Batting: RHB Tetsunori Ito
|
0-0: Called Strike 0-1: SINGLE (Groundball, 6D)
|
Batting: RHB Alfredo Díaz
|
0-0: DOUBLE (Line Drive, 7LD) Tetsunori Ito to third Runner from 3rd tries for Home, SAFE, no throw
|
Batting: RHB Jason Saunders
|
0-0: Swinging Strike 0-1: Fly out, F7 (Flyball, 7)
|
Top of the 4th over - 1 run(s), 2 hit(s), 0 error(s), 1 left on base; Tuscaloosa 4 - Trenton 1 |
BOTTOM OF THE 4TH |
Trenton Stars batting - Pitching for Tuscaloosa Trout Slayers : RHP Chris Chamberlain
|
Batting: LHB Wes Stone
|
0-0: Ball 1-0: Ground out 4-3 (Groundball, 4)
|
Batting: RHB Rafael Canales
|
0-0: Ball 1-0: Swinging Strike 1-1: Ball 2-1: Ground out 6-3 (Groundball, 6)
|
Batting: LHB Jeff Gordon
|
0-0: Called Strike 0-1: Foul Ball, location: 2F 0-2: Ball 1-2: Ball 2-2: Ground out 4-3 (Groundball, 4)
|
Bottom of the 4th over - 0 run(s), 0 hit(s), 0 error(s), 0 left on base; Tuscaloosa 4 - Trenton 1 |
TOP OF THE 5TH |
Tuscaloosa Trout Slayers batting - Pitching for Trenton Stars : RHP Jesús Martínez
|
Batting: LHB Marcos Villarreal
|
0-0: Ball 1-0: Ball 2-0: Ball 3-0: Base on Balls
|
Batting: LHB Ed Hart
|
0-0: SINGLE (Groundball, 34D) Marcos Villarreal to second
|
Batting: RHB Shigemasa Ishida
|
0-0: Foul Ball, location: 2F 0-1: Swinging Strike 0-2: Ball 1-2: Ball 2-2: Ball 3-2: Fly out, F9 (Flyball, 9)
|
Batting: RHB Lowie van den Bogaert
|
0-0: Ball 1-0: Fly out, F3 (Popup, 3D)
|
Batting: RHB Greg Lee
|
0-0: Called Strike 0-1: Ball 1-1: Ball 2-1: Ball 3-1: Ground out U3 (Groundball, 34S)
|
Top of the 5th over - 0 run(s), 1 hit(s), 0 error(s), 2 left on base; Tuscaloosa 4 - Trenton 1 |
BOTTOM OF THE 5TH |
Trenton Stars batting - Pitching for Tuscaloosa Trout Slayers : RHP Chris Chamberlain
|
Batting: RHB Jesús Dávila
|
0-0: Foul Ball, location: 2F 0-1: Swinging Strike 0-2: Strikes out swinging
|
Batting: RHB Kenji Murayama
|
0-0: Ball 1-0: Ball 2-0: Foul Ball, location: 2F 2-1: Fly out, F5 (Line Drive, 6S)
|
Batting: SHB Nick Marshall
|
0-0: Ball 1-0: Fly out, F4 (Popup, 4D)
|
Bottom of the 5th over - 0 run(s), 0 hit(s), 0 error(s), 0 left on base; Tuscaloosa 4 - Trenton 1 |
TOP OF THE 6TH |
Tuscaloosa Trout Slayers batting - Pitching for Trenton Stars : RHP Jesús Martínez
|
Pitching: RHP Gilberto Martínez
|
|
Batting: RHB César Reyes
|
0-0: Called Strike 0-1: Foul Ball, location: 2F 0-2: Ball 1-2: Strikes out swinging
|
Batting: RHB Tetsunori Ito
|
0-0: Ball 1-0: Ball 2-0: Ball 3-0: Called Strike 3-1: SINGLE (Groundball, 34D)
|
Batting: RHB Alfredo Díaz
|
0-0: Foul Ball, location: 2F 0-1: Foul Ball, location: 2F 0-2: Ball 1-2: Ball 2-2: Ground out 5-3 (Groundball, 5S) Tetsunori Ito to second
|
Batting: RHB Jason Saunders
|
0-0: Ball 1-0: Ball 2-0: Called Strike 2-1: Foul Ball, location: 2F 2-2: Ground out 4-3 (Groundball, 4)
|
Top of the 6th over - 0 run(s), 1 hit(s), 0 error(s), 1 left on base; Tuscaloosa 4 - Trenton 1 |
BOTTOM OF THE 6TH |
Trenton Stars batting - Pitching for Tuscaloosa Trout Slayers : RHP Chris Chamberlain
|
Batting: RHB Leonardo Pinto
|
0-0: Swinging Strike 0-1: Ball 1-1: SINGLE (Groundball, 4MD)
|
Pitching: LHP Luis López
|
|
Batting: LHB Ricardo Brandariz
|
0-0: Ball 1-0: Ball 2-0: Called Strike 2-1: Foul Ball, location: 2F 2-2: Grounds into double play, 4-6-3 (Groundball, 34)
|
Batting: RHB Randy Simons
|
0-0: Ball 1-0: Called Strike 1-1: Called Strike 1-2: Ball 2-2: Foul Ball, location: 2F 2-2: Ball 3-2: Foul Ball, location: 2F 3-2: Foul Ball, location: 2F 3-2: DOUBLE (Line Drive, 7LM)
|
Batting: LHB Wes Stone
|
0-0: Foul Ball, location: 2F 0-1: Swinging Strike 0-2: Ball 1-2: Strikes out swinging, 2-3 out at first.
|
Bottom of the 6th over - 0 run(s), 2 hit(s), 0 error(s), 1 left on base; Tuscaloosa 4 - Trenton 1 |
TOP OF THE 7TH |
Tuscaloosa Trout Slayers batting - Pitching for Trenton Stars : RHP Gilberto Martínez
|
Batting: LHB Marcos Villarreal
|
0-0: Fly out, F6 (Popup, 4MS)
|
Batting: LHB Ed Hart
|
0-0: Ball 1-0: Called Strike 1-1: Foul Ball, location: 2F 1-2: Ball 2-2: Ground out 5-3 (Groundball, 56S)
|
Batting: RHB Shigemasa Ishida
|
0-0: Called Strike 0-1: SINGLE (Groundball, 4MD)
|
Batting: RHB Lowie van den Bogaert
|
0-0: Ball 1-0: Foul Ball, location: 2F 1-1: Foul Ball, location: 2F 1-2: Ball 2-2: Ball 3-2: Foul Ball, location: 2F 3-2: Base on Balls Shigemasa Ishida to second
|
Batting: RHB Greg Lee
|
0-0: Ground out 5-3 (Groundball, 56S)
|
Top of the 7th over - 0 run(s), 1 hit(s), 0 error(s), 2 left on base; Tuscaloosa 4 - Trenton 1 |
BOTTOM OF THE 7TH |
Trenton Stars batting - Pitching for Tuscaloosa Trout Slayers : LHP Luis López
|
Batting: RHB Rafael Canales
|
0-0: Called Strike 0-1: Called Strike 0-2: Ball 1-2: Strikes out swinging
|
Batting: LHB Jeff Gordon
|
0-0: Called Strike 0-1: Foul Ball, location: 2F 0-2: Fly out, F6 (Line Drive, 6)
|
Batting: RHB Jesús Dávila
|
0-0: Ball 1-0: Ball 2-0: Ball 3-0: Base on Balls
|
Batting: RHB Kenji Murayama
|
0-0: Called Strike 0-1: Ball 1-1: Ball 2-1: Ground out 5-3 (Groundball, 5S)
|
Bottom of the 7th over - 0 run(s), 0 hit(s), 0 error(s), 1 left on base; Tuscaloosa 4 - Trenton 1 |
TOP OF THE 8TH |
Tuscaloosa Trout Slayers batting - Pitching for Trenton Stars : RHP Gilberto Martínez
|
Batting: RHB César Reyes
|
0-0: Swinging Strike 0-1: Ball 1-1: Fly out, F8 (Flyball, 8RM)
|
Pitching: RHP Denver Gallegos
|
|
Batting: RHB Tetsunori Ito
|
0-0: Ball 1-0: Ball 2-0: Ball 3-0: Base on Balls
|
Batting: RHB Alfredo Díaz
|
0-0: Ball 1-0: Ball 2-0: Ball 3-0: Base on Balls Tetsunori Ito to second
|
Batting: RHB Jason Saunders
|
0-0: Ball 1-0: Called Strike 1-1: Called Strike 1-2: Fly out, F9 (Flyball, 89M)
|
Batting: LHB Marcos Villarreal
|
0-0: Called Strike Balk! Tetsunori Ito to third Alfredo Díaz to second 0-1: Foul Ball, location: 2F 0-2: Foul Ball, location: 2F 0-2: Ground out 4-3 (Groundball, 34)
|
Top of the 8th over - 0 run(s), 0 hit(s), 0 error(s), 2 left on base; Tuscaloosa 4 - Trenton 1 |
BOTTOM OF THE 8TH |
Trenton Stars batting - Pitching for Tuscaloosa Trout Slayers : LHP Luis López
|
Batting: SHB Nick Marshall
|
0-0: Swinging Strike 0-1: Fly out, F9 (Flyball, 9LSF)
|
Batting: RHB Leonardo Pinto
|
0-0: Called Strike 0-1: Ball 1-1: Foul Ball, location: 2F 1-2: Foul Ball, location: 2F 1-2: Ball 2-2: Ground out 5-3 (Groundball, 56S)
|
Batting: LHB Ricardo Brandariz
|
0-0: Foul Ball, location: 2F 0-1: Ball 1-1: Ball 2-1: Swinging Strike 2-2: Reached on error, E6 (Groundball, 6)
|
Pitching: LHP Dave Blackwell
|
|
Batting: RHB Randy Simons
|
0-0: Ball 1-0: Called Strike 1-1: Ball 2-1: Foul Ball, location: 2F 2-2: Ball 3-2: Base on Balls Ricardo Brandariz to second
|
Batting: LHB Wes Stone
|
0-0: SINGLE (Flyball, 8LS) Ricardo Brandariz to third Randy Simons to second Runner from 3rd tries for Home, SAFE, no throw
|
Pitching: RHP Jesús Ramos
|
|
Batting: RHB Rafael Canales
|
0-0: Ball 1-0: Called Strike 1-1: Called Strike 1-2: Strikes out swinging
|
Bottom of the 8th over - 1 run(s), 1 hit(s), 1 error(s), 2 left on base; Tuscaloosa 4 - Trenton 2 |
TOP OF THE 9TH |
Tuscaloosa Trout Slayers batting - Pitching for Trenton Stars : RHP Denver Gallegos
|
Batting: LHB Ed Hart
|
0-0: Ball 1-0: Ball 2-0: Ball 3-0: Base on Balls
|
Batting: RHB Shigemasa Ishida
|
0-0: Ball 1-0: Swinging Strike 1-1: Called Strike 1-2: Ball 2-2: Foul Ball, location: 2F 2-2: Foul Ball, location: 2F 2-2: Fly out, F6 (Popup, 6D)
|
Pitching: LHP José Alaniz
|
|
Batting: RHB Lowie van den Bogaert
|
0-0: Foul Ball, location: 2F 0-1: Called Strike 0-2: Foul Ball, location: 2F 0-2: Fly out, F9 (Line Drive, 9)
|
Batting: RHB Greg Lee
|
0-0: Ball 1-0: Reached on error, E6 (Groundball, 6) Ed Hart to second
|
Pitching: RHP Manuel Jimenen
|
|
Batting: RHB César Reyes
|
0-0: Ball 1-0: Ball 2-0: Ball 3-0: Called Strike 3-1: Fly out, F8 (Flyball, 78S)
|
Top of the 9th over - 0 run(s), 0 hit(s), 1 error(s), 2 left on base; Tuscaloosa 4 - Trenton 2 |
BOTTOM OF THE 9TH |
Trenton Stars batting - Pitching for Tuscaloosa Trout Slayers : RHP Jesús Ramos
|
Pitching: RHP John Charles
|
|
Now in LF: Lynn Ford
|
|
Batting: LHB Jeff Gordon
|
0-0: Called Strike 0-1: Called Strike 0-2: Strikes out looking
|
Batting: RHB Jesús Dávila
|
0-0: Ball 1-0: Foul Ball, location: 2F 1-1: Foul Ball, location: 2F 1-2: Reached on error, E6 (Groundball, 6D)
|
Batting: RHB Kenji Murayama
|
0-0: Grounds into double play, 6-4-3 (Groundball, 6MD)
|
Bottom of the 9th over - 0 run(s), 0 hit(s), 1 error(s), 0 left on base; Tuscaloosa 4 - Trenton 2 |
|